[Event "Late-Titled-Tuesday-Blitz-April-16-2024"]
[Site "Chess.com"]
[Date "2024.04.16"]
[Round "5"]
[White "crazy_but_lazy"]
[Black "Respectful_Dave"]
[Result "0-1"]
[WhiteElo "2525"]
[BlackElo "2416"]
[TimeControl "180+1"]
[EndTime "14:54:11 PDT"]
[Termination "Respectful_Dave won by resignation"]

1. e4 c5 2. Nf3 d6 3. d3 Nf6 4. g3 g6 5. Bg2 Bg7 6. O-O O-O 7. Re1 Nc6 8. Nc3 Nd4 9. Nd5 Bg4 10.
c3 Nc6 11. Nxf6+ Bxf6 12. h3 Bd7 13. Bh6 Re8 14. Qd2 e5 15. Kh2 Rc8 16. Rad1 b5 17. Be3 Qa5 18. a3 Bg7 19. d4 exd4 20. cxd4 Qxd2 21. Rxd2 Na5 22. dxc5 Nc4 23. Rc2 dxc5 24.
Bc1 Be6 25. Ng5 Bd7 26. f4 h6 27. Nf3 Bc6 28. Nd2 Nb6 29. Rxc5 Bd4 30. Rc2 Bb7 31.
Rxc8 Rxc8 32. Nb3 Bf6 33. Be3 Nc4 34. Bxa7 Bxb2 35. Nc5 Bc6 36. e5 Bxa3 37. Bxc6 Rxc6 38. Rd1 Bxc5 39. Bxc5 Rxc5 40. Rd8+ Kg7 41. Rb8 Ne3 42. Kg1 Nf5 43. Kf2 Nd4 44. Ke3 Ne6 45. g4 Rc3+ 46. Ke4 Rc4+ 47. Ke3 Rxf4 48. Rxb5 Rf1 49. Rb8 g5 50.
Ke2 Rh1 51. Kf2 Rxh3 52. Kg2 Nf4+ 53. Kf2 Nd3+ 54. Kg2 Re3 55. Rb7 Nxe5 56. Rb6 Nxg4 57. Rb4 h5 58. Ra4 Kg6 59. Ra6+ f6 60. Ra2 h4 61.
Kh1 Rh3+ 62. Kg2 Rh2+ 0-1

[Event "Late-Titled-Tuesday-Blitz-April-16-2024"]
[Site "Chess.com"]
[Date "2024.04.16"]
[Round "5"]
[White "bipe137"]
[Black "Harsha_Bharathakoti"]
[Result "0-1"]
[WhiteElo "2711"]
[BlackElo "2920"]
[TimeControl "180+1"]
[EndTime "14:54:12 PDT"]
[Termination "Harsha_Bharathakoti won by resignation"]

1. d4 d5 2. c4 e6 3. Nc3 a6 4.
cxd5 exd5 5. Nf3 c6 6. Bf4 Bd6 7. Bxd6 Qxd6 8. e4 dxe4 9. Nxe4 Qe7 10. Qe2 Be6 11. Nc5 Nd7 12. Nxe6 Qxe6 13. Qxe6+ fxe6 14. Bc4 Ke7 15. O-O Nb6 16. Bb3 Nd5 17. Rfe1 Kf6 18.
Re4 Nh6 19. Rae1 Rae8 20. g4 Nf7 21. h4 h6 22. g5+ hxg5 23. Bxd5 cxd5 24. hxg5+ Kf5 25.
R4e3 Rh5 26. g6 Ng5 27. Nxg5 Rxg5+ 28. Kf1 Kf6 29. Re5 Rxe5 30. Rxe5 Kxg6 31. Ke2 Kf6 32.
Rh5 Rc8 33. Kd2 Rc4 34. Rh4 g5 35. Rh6+ Kf5 36. Kd3 Rc1 37. Rh8 Rd1+ 38. Kc3 Rf1 39. Rf8+ Ke4 40. Rf6 e5 41. dxe5 Kxe5 42. Rf8 Rc1+ 43.
Kd2 Rc4 44. Kd3 Rd4+ 45. Ke3 Re4+ 46. Kd3 Rf4 47. Re8+ Kd6 48. Rd8+ Ke6 49. Rh8 Rxf2 50. Re8+ Kd6 51. Rd8+ Ke5 52. Re8+ Kf4 53. Rf8+ Kg3 54.
Rg8 g4 55. Rg7 Rxb2 56. Rxb7 Rxb7 0-1

[Event "Late-Titled-Tuesday-Blitz-April-16-2024"]
[Site "Chess.com"]
[Date "2024.04.16"]
[Round "5"]
[White "Agustin_Meza"]
[Black "Nemsko"]
[Result "0-1"]
[WhiteElo "2209"]
[BlackElo "2436"]
[TimeControl "180+1"]
[EndTime "14:54:12 PDT"]
[Termination "Nemsko won by checkmate"]

1. e4 e5 2. Nf3 Nc6 3. Bb5 a6 4. Ba4 Nf6 5. O-O b5 6. Bb3 Be7 7. a4 Rb8 8. a5 O-O 9. d3 d6 10. Re1 Be6 11. c3 h6 12. Nbd2 Nh5 13.
Nf1 Bxb3 14. Qxb3 b4 15. Qa4 Rb5 16. cxb4 Nxb4 17. Qd1 c6 18. Nxe5 Rxe5 19. d4 Rxa5 20. Rxa5 Qxa5 21. Bd2 Nf6 22. e5 dxe5 23. Rxe5 Nfd5 24. Qg4 Bf6 25. Bxh6 Bxe5 26. dxe5 g6 27. Bxf8 Kxf8 28. Qc8+ Kg7 29. e6 fxe6 30. Qxe6 Qc7 31.
h3 Qe7 32. Qg4 Qe5 33. Ng3 a5 34. Qd7+ Qe7 35. Qg4 Qe5 36. Qd7+ Ne7 37. b3 Nd5 38. h4 Nf6 39. Qa7 Nh5 40. Nf1 Kf7 41. Ne3 Nf4 42. g3 Ne2+ 43. Kf1 Nc3 44. Ng4 Qe2+ 45. Kg2 Qxg4 46.
Qc5 Qe4+ 47. Kh2 Ncd5 48. Qxa5 Qf3 49. Qd2 Qe4 50. b4 Qf5 51. b5 cxb5 52. Qd4 b4 53. g4 Qf4+ 54. Qxf4+ Nxf4 55. Kg3 Nfd5 56. Kf3 b3 57. h5 b2 58. hxg6+ Kxg6 59. Kg3 b1=Q 60.
f4 Qd3+ 61. Kh4 Qd2 62. f5+ Kf6 63. g5+ Qxg5+ 64. Kh3 Nf4+ 65. Kh2 Qg2# 0-1

[Event "Late-Titled-Tuesday-Blitz-April-16-2024"]
[Site "Chess.com"]
[Date "2024.04.16"]
[Round "5"]
[White "ccccvhhhj"]
[Black "TangerineandLemon25"]
[Result "0-1"]
[WhiteElo "2430"]
[BlackElo "2606"]
[TimeControl "180+1"]
[EndTime "14:54:13 PDT"]
[Termination "TangerineandLemon25 won on time"]

1. e4 c5 2. Nf3 d6 3. d4 cxd4 4. Nxd4 Nf6 5. Nc3 a6 6. Rg1 e5 7. Nb3 h5 8. h3 Be6 9. Be3 Be7 10. g4 hxg4 11. hxg4 Nc6 12. g5 Nd7 13. Qd2 Rc8 14.
O-O-O g6 15. Be2 Nb4 16. Kb1 Kf8 17. Rh1 Rxh1 18. Rxh1 Kg7 19. f4 exf4 20. Bd4+ Ne5 21. Qxf4 Bxg5 22. Qh2 Bf6 23. Qh6+ Kg8 24. Be3 Bg7 25.
Qh7+ Kf8 26. Bh6 Bxh6 27. Qxh6+ Ke7 28. Nd4 Kd7 29. Qg7 Qe7 30. Bf1 Kc7 31. Bh3 Bxh3 32. a3 Kb8 33. Rxh3 Nbc6 34. Nb3 Qe6 35. Rh8 Rxh8 36.
Qxh8+ Qc8 37. Qf6 Qd8 38. Qf2 Ne7 39. Nd4 Qd7 40. Qf6 N7c6 41. Nb3 Ne7 42. Nd4 N5c6 43. Nxc6+ Nxc6 44. Nd5 Qe6 45. Qh8+ Ka7 46. Qh4 f5 47.
Qf2+ Kb8 48. Qb6 Qxe4 49. Qc7+ Ka8 50. Nb6+ Ka7 51. Nd7 Ka8 52. Qc8+ Ka7 53. Qc7 Qe1+ 54. Ka2 Qe6+ 55. Kb1 Qe3 56. Ka2 Qd4 57. Qc8 f4 58. Kb1 f3 59. Qf8 f2 60. Ka2 Qc4+ 61. Kb1 f1=Q+ 62.
Qxf1 Qxf1+ 0-1

[Event "Late-Titled-Tuesday-Blitz-April-16-2024"]
[Site "Chess.com"]
[Date "2024.04.16"]
[Round "5"]
[White "stasOR4ik"]
[Black "Mikhail_Golubev"]
[Result "1/2-1/2"]
[WhiteElo "2433"]
[BlackElo "2588"]
[TimeControl "180+1"]
[EndTime "14:54:14 PDT"]
[Termination "Game drawn by stalemate"]

1. e4 c5 2. c3 Nf6 3. e5 Nd5 4. Nf3 Nc6 5. Bc4 Nb6 6. Bb3 d6 7. exd6 c4 8. Bc2 Qxd6 9. O-O Bg4 10. a4 Qd5 11. Re1 Bxf3 12. Qxf3 Qxf3 13. gxf3 Na5 14. d4 cxd3 15. Bxd3 Nb3 16. Bb5+ Kd8 17. Ra3 Nxc1 18. Rxc1 e6 19. Ra1 Bd6 20. Rd1 Ke7 21. a5 Nd5 22. a6 bxa6 23. Bc6 Rab8 24. Bxd5 exd5 25. Rxa6 Rxb2 26.
Rxa7+ Ke6 27. Na3 Bxa3 28. Rxa3 Rhb8 29. Re1+ Kf6 30. Ra4 Rb1 31. Rf4+ Kg6 32. Rg4+ Kf5 33. Rxb1 Rxb1+ 34. Kg2 g6 35. c4 Rb4 36. cxd5 Rxg4+ 37. fxg4+ Ke5 38. Kf3 Kxd5 39. Kf4 h6 40. h4 f6 41. h5 gxh5 42. gxh5 Ke6 43. Ke4 f5+ 44. Kd4 f4 45. Ke4 f3 46. Kxf3 Kf5 47. Ke3 Kg5 48. Ke4 Kxh5 49.
Ke5 Kg6 50. f4 Kf7 51. Kf5 h5 52. Kg5 h4 53. Kxh4 Kf6 54. Kg4 Kg6 55. Kf3 Kf5 56. Kg3 Kf6 57. Kf2 Kf5 58. Kf3 Kf6 59. Ke4 Ke6 60.
f5+ Kf6 61. Kf4 Kf7 62. Ke5 Ke7 63. f6+ Kf7 64. Kf5 Kf8 65. Kf4 Kf7 66. Kg5 Kf8 67. Kg6 Kg8 68. f7+ Kf8 69. Kf6 1/2-1/2

[Event "Late-Titled-Tuesday-Blitz-April-16-2024"]
[Site "Chess.com"]
[Date "2024.04.16"]
[Round "5"]
[White "hikeman2017"]
[Black "albayo"]
[Result "1-0"]
[WhiteElo "2232"]
[BlackElo "2515"]
[TimeControl "180+1"]
[EndTime "14:54:14 PDT"]
[Termination "hikeman2017 won by resignation"]

1. e4 c5 2. c3 g6 3. d4 cxd4 4. cxd4 d5 5. e5 Bg7 6. h3 a6 7. Nf3 Nc6 8. Nc3 Nh6 9. Qb3 O-O 10. Qxd5 Be6 11. Qxd8 Rfxd8 12. Be3 Nf5 13. O-O-O Nxe3 14. fxe3 Bh6 15. d5 Bxe3+ 16. Kb1 Bf5+ 17. Bd3 Bxd3+ 18. Rxd3 Bh6 19. Rhd1 Na7 20. d6 exd6 21. Rxd6 Nc6 22. Rd7 Rab8 23. Nd5 Bg7 24. Ne7+ Kf8 25. Nxc6 Rxd7 26.
Rxd7 bxc6 27. Rc7 Rb6 28. Kc2 h6 29. b3 Rb5 30. Rxc6 Bxe5 31. Nxe5 Rxe5 32. Rxa6 Re2+ 33. Kc3 Rxg2 34. b4 Rg3+ 35. Kc4 Rxh3 36. b5 Ke7 37.
Ra7+ Kd6 38. Rxf7 Rh4+ 39. Kb3 Kc5 40. a4 Rh3+ 41. Kb2 Kb4 42. Ra7 Rh2+ 43. Kc1 Kc5 44.
Rc7+ Kb6 45. Rc6+ Ka5 46. Ra6+ Kb4 47. b6 Rh1+ 48. Kd2 Rh2+ 49. Kd3 Rb2 50. a5 Kc5 51. Ra7 Rb3+ 52. Kc2 Rb5 53. b7 Kc6 54. a6 Kc7 55. Ra8 h5 56. Rc8+ Kd7 57. b8=Q Rxb8 58. Rxb8 h4 59. a7 1-0

[Event "Late-Titled-Tuesday-Blitz-April-16-2024"]
[Site "Chess.com"]
[Date "2024.04.16"]
[Round "5"]
[White "Navyblue1"]
[Black "ChadBiryani"]
[Result "0-1"]
[WhiteElo "2250"]
[BlackElo "2464"]
[TimeControl "180+1"]
[EndTime "14:54:14 PDT"]
[Termination "ChadBiryani won by resignation"]

1. d4 d6 2. c4 Nf6 3. Nc3 g6 4. e4 Bg7 5. Bg5 O-O 6. Be2 Nbd7 7. Qd2 e5 8. d5 a5 9. h4 Nc5 10. f3 Qd7 11. g4 c6 12. Nh3 cxd5 13. cxd5 Ne8 14. Bh6 f5 15. Bxg7 Nxg7 16. gxf5 gxf5 17. Qg5 Qd8 18. Qxd8 Rxd8 19. Rg1 f4 20. Nf2 Kf7 21.
Rg5 h6 22. Rg1 Nh5 23. Kd2 Ng3 24. Bb5 Bd7 25. Bxd7 Rxd7 26. Nh1 Rg8 27. Nxg3 fxg3 28. Rg2 Kf6 29. Rag1 Rdg7 30. Ne2 b5 31. Rxg3 Rxg3 32. Rxg3 Rb8 33. Rg1 Na4 34. b3 Nc5 35. Rc1 Rg8 36. Ke3 Rg2 37. Rg1 Rh2 38. Rg4 h5 39. Rg8 Rxh4 40.
Rd8 Ke7 41. Rh8 Rh2 42. Rh7+ Kf6 43. Rh8 h4 44. Rh6+ Ke7 45. Rh7+ Kd8 46. Rh6 Kc7 47. Rh7+ Kb6 48. Rh6 Kc7 49. Rh7+ Nd7 50. f4 exf4+ 51.
Nxf4 Rxa2 52. Ne6+ Kc8 53. Rh8+ Kb7 54. Rxh4 Ne5 55.
Rh7+ Kb6 56. Nd8 Ra3 57. Rb7+ Kc5 58. Rc7+ Kb4 59. Nc6+ Kxb3 60. Nxe5 dxe5 61. d6 Ra1 62.
Rb7 Kc4 63. Rc7+ Kb4 64. d7 Rd1 65. Ke2 Rd4 66. Ke3 a4 67. Ra7 a3 68. Kf3 Kb3 69.
Ke3 b4 70. Ra5 Rxd7 71. Rxe5 Ra7 72. Rd5 a2 73. Rd2 a1=Q 0-1

[Event "Late-Titled-Tuesday-Blitz-April-16-2024"]
[Site "Chess.com"]
[Date "2024.04.16"]
[Round "5"]
[White "watermelonattackk"]
[Black "Smoking_Crow"]
[Result "1-0"]
[WhiteElo "2491"]
[BlackElo "2666"]
[TimeControl "180+1"]
[EndTime "14:54:15 PDT"]
[Termination "watermelonattackk won by resignation"]

1. d4 Nf6 2. c4 e6 3. g3 d5 4.
Nf3 Bb4+ 5. Bd2 Be7 6. Bg2 O-O 7.
O-O Nbd7 8. Qc2 Ne4 9. Nc3 Nxd2 10. Nxd2 c6 11. Rad1 Qa5 12. e4 dxe4 13. Ndxe4 Nf6 14.
Nd2 e5 15. dxe5 Qxe5 16. Rfe1 Qc7 17. Nf3 h6 18. h3 a6 19. Nd4 Bc5 20. b3 Ba7 21.
Nf5 Bxf5 22. Qxf5 Qxg3 23. Re7 Qxc3 24. Rxb7 Rfe8 25. Bxc6 Re1+ 26. Rxe1 Qxe1+ 27. Kg2 Bd4 28. Rxf7 Kxf7 29. Bxa8 Qe5 30. Bd5+ Ke7 31. Qc8 Nxd5 32.
cxd5 Qxd5+ 33. Kf1 Qb5+ 34. Kg2 Bb6 35. Qb7+ Kf6 36. h4 Qc5 37. Qf3+ Ke7 38. Qe4+ Kf7 39. Qf3+ Kg8 40. Qa8+ Qf8 41. Qd5+ Kh8 42. f3 Qf6 43. Qa8+ Qd8 44. Qxa6 Qd2+ 45. Kh3 Qd7+ 46. Kg2 Bd8 47. Qc4 Qd2+ 48. Kh3 Qxa2 49. Qf7 Bf6 50. Qe8+ Kh7 51. Qe4+ g6 52. h5 Bg5 53. Qb7+ Kg8 54. hxg6 Be7 55. Qxe7 Qxb3 56. Qh7+ Kf8 57. g7+ 1-0

[Event "Late-Titled-Tuesday-Blitz-April-16-2024"]
[Site "Chess.com"]
[Date "2024.04.16"]
[Round "5"]
[White "dianamirza"]
[Black "Godzillator"]
[Result "1-0"]
[WhiteElo "1947"]
[BlackElo "2357"]
[TimeControl "180+1"]
[EndTime "14:54:16 PDT"]
[Termination "dianamirza won on time"]

1. d4 d5 2. Nf3 c5 3. b3 cxd4 4. Nxd4 Nf6 5. Bb2 Nc6 6. e3 Nxd4 7. exd4 a6 8. Bd3 Bg4 9. Qd2 e6 10. O-O Bd6 11. f4 O-O 12. h3 Bh5 13. g4 Bg6 14. f5 exf5 15. Bxf5 Ne4 16. Qg2 Qc7 17. Bxg6 fxg6 18.
Na3 b5 19. c4 b4 20. Nc2 Ng3 21. Qxd5+ Kh8 22. Rxf8+ Rxf8 23. Ne3 Ne2+ 24. Kh1 Bf4 25. Ng2 Bd2 26. Qe5 Qxe5 27. dxe5 Bc3 28. Bxc3 bxc3 29.
Ne3 Re8 30. Re1 Nd4 31. Rc1 Ne2 32. Rc2 Ng3+ 33. Kg2 Ne4 34. Kf3 Rxe5 35. Nd5 Nd2+ 36. Kf4 Re4+ 37. Kg3 Nf1+ 38. Kf3 Re1 39. Rxc3 h5 40.
Kf2 Ra1 41. Rc2 hxg4 42. hxg4 Kh7 43. c5 Nh2 44. Kg3 Nf1+ 45. Kf4 Rd1 46. Ne3 Rd4+ 47. Kf3 Nxe3 48. Kxe3 Rd7 49. c6 Rc7 50. b4 Kh6 51.
a4 Kg5 52. Kf3 Kf6 53. b5 axb5 54. axb5 Ke6 55. Kf4 Kd6 56. Rd2+ Kc5 57. Rd7 Rc8 58.
Rxg7 Kxb5 59. Rxg6 Kc5 60. Rf6 Kd5 61. g5 Rg8 62. g6 Kc5 63. c7 Kd5 64. Kf5 Kc5 65. Rf7 1-0

[Event "Late-Titled-Tuesday-Blitz-April-16-2024"]
[Site "Chess.com"]
[Date "2024.04.16"]
[Round "5"]
[White "Vladimir_2020"]
[Black "PotapovaM"]
[Result "1-0"]
[WhiteElo "2762"]
[BlackElo "2538"]
[TimeControl "180+1"]
[EndTime "14:54:21 PDT"]
[Termination "Vladimir_2020 won by resignation"]

1. e4 c5 2. Nf3 d6 3. d4 cxd4 4. Nxd4 Nf6 5. Nc3 a6 6. g3 e5 7. Nde2 b5 8. Bg2 Be7 9. O-O O-O 10. a4 b4 11. Nd5 Nxd5 12. exd5 Ra7 13. a5 Nd7 14. Bd2 Rb7 15. b3 Nc5 16. Qe1 Bg4 17.
Nc1 e4 18. Bxb4 Bf6 19. Bc3 Re8 20. Na2 Bg5 21. Bd4 Qd7 22. Nb4 Bf3 23. Nc6 h5 24. b4 Ne6 25. Be3 Bf6 26. Rd1 Ng5 27. Bxg5 Bxg5 28. Rd4 Bf6 29. Rc4 Rb5 30. Qd2 Qf5 31.
Nd4 Qxd5 32. Nxf3 Qxc4 33. Ne1 Qxb4 34. Qe2 d5 35. Qxh5 d4 36. Qe2 e3 37. Nd3 exf2+ 38. Qxf2 Qd6 39. Qd2 Rbb8 40. Rf5 Re3 41. Rf1 Rbe8 42.
Nf4 Qd7 43. Nd5 Be5 44. Nxe3 Qc7 45. Nd5 Qc5 46. Qd3 Bd6 47. Kh1 Bf8 48. Qf5 f6 49.
Qh5 Re5 50. Qf3 Qd6 51. Nf4 Rc5 52. Nd3 Rxc2 53. Qd5+ Qxd5 54. Bxd5+ Kh8 55. Bb7 Rd2 56. Bxa6 Ra2 57. Bc4 Rxa5 58. Re1 Kh7 59. Re8 Bd6 60. Kg2 Ra3 61. Bd5 Rxd3 62. Be4+ 1-0

[Event "Late-Titled-Tuesday-Blitz-April-16-2024"]
[Site "Chess.com"]
[Date "2024.04.16"]
[Round "5"]
[White "ploxoi"]
[Black "CURRUTACO59"]
[Result "1-0"]
[WhiteElo "2407"]
[BlackElo "2158"]
[TimeControl "180+1"]
[EndTime "14:54:23 PDT"]
[Termination "ploxoi won on time"]

1. d4 Nf6 2. c4 e6 3. Nf3 Bb4+ 4. Bd2 a5 5. g3 d6 6. Bg2 Nbd7 7. O-O e5 8. a3 Bxd2 9. Nbxd2 e4 10. Ng5 e3 11.
fxe3 h6 12. Nge4 Ng4 13. Rf3 O-O 14. h3 Ngf6 15. Nxf6+ Nxf6 16. e4 c5 17. e3 Qb6 18. Qb3 Qxb3 19. Nxb3 Nxe4 20. Rf4 Nxg3 21. Kf2 Nh5 22. Rh4 Nf6 23. dxc5 a4 24. Nd4 dxc5 25.
Nb5 Ra6 26. Rd1 Re6 27. Na7 g5 28. Rxh6 Ng4+ 29. hxg4 Rxh6 30. Nxc8 Rxc8 31. Bxb7 Rb8 32. Rd7 Rb6 33. Bd5 Rxb2+ 34. Kf3 Rf8 35. Ra7 Rb3 36.
Rxa4 Re8 37. Be4 Kg7 38. Ra5 Rc8 39. Bd5 Rc7 40. a4 Re7 41. Be4 Rc7 42. Ra6 Ra3 43. a5 Ra4 44. Bd5 Re7 45. Ra8 Ra3 46. Be4 Kf6 47. a6 Re6 48. a7 Rea6 49. Rc8 Rxa7 50. Rxc5 Re7 51. Rf5+ Kg7 52. Rxg5+ Kf8 53. Kf4 Rc3 54. Rc5 Kg7 55. Rc6 Ra3 56. g5 Rc3 57.
Rc5 Kf8 58. Rc8+ Kg7 59. Rc6 Kf8 60. Rc8+ Kg7 61. c5 Rc4 62. c6 Rexe4+ 63. Kg3 Re7 64. c7 1-0

[Event "Late-Titled-Tuesday-Blitz-April-16-2024"]
[Site "Chess.com"]
[Date "2024.04.16"]
[Round "5"]
[White "TigrVShlyape"]
[Black "ellatambien"]
[Result "1/2-1/2"]
[WhiteElo "2928"]
[BlackElo "2722"]
[TimeControl "180+1"]
[EndTime "14:54:25 PDT"]
[Termination "Game drawn by repetition"]

1. e4 c6 2. d4 d5 3. exd5 cxd5 4. Bd3 Nc6 5. c3 Nf6 6. Bf4 Qb6 7. Qb3 Bg4 8. Nd2 e6 9. h3 Bh5 10. Ngf3 Bg6 11.
Qxb6 axb6 12. Bb5 Nd7 13. Nh4 Bc2 14. a4 Be7 15. Nhf3 O-O 16. Ke2 h6 17. g4 Nf6 18.
Rhg1 Rfc8 19. h4 Ne8 20. g5 h5 21. Ne1 Bg6 22. Bd3 Bxd3+ 23. Nxd3 g6 24. Rge1 Ng7 25. Nf3 Nf5 26. Kf1 Ra7 27. b3 Na5 28. b4 Nc4 29. Ra2 Rca8 30. Rea1 Bd6 31. Bxd6 Nfxd6 32. Ng1 b5 33. a5 b6 34. a6 Ne8 35. Ne5 Nc7 36.
Ngf3 Rxa6 37. Rxa6 Rxa6 38. Rxa6 Nxa6 39. Nd7 Nc7 40.
Nfe5 Nd2+ 41. Ke2 Ne4 42. f3 Nxc3+ 43. Kd2 Na2 44. Nc6 Na6 45. Na7 N2xb4 46. Nxb5 Nc6 47. Kc3 Nab8 48. Nf6+ Kf8 49. Kd3 Ke7 50. Ng8+ Kd8 51.
Nh6 Ke7 52. Ng8+ Kf8 53. Nf6 Ne7 54. Nd6 Nf5 55. Nxf5 exf5 56. Nxd5 Nd7 57. Kc4 Ke8 58. Kb5 Nf8 59. Nf4 Kd7 60. Kxb6 Kd6 61. Kb5 Ne6 62.
Nxe6 fxe6 63. Kc4 e5 64. Kd3 Kd5 65. dxe5 Kxe5 66. Ke3 Kd5 67. Kd3 Ke5 68. Ke3 Kd5 69. Kd3 Ke5 1/2-1/2

[Event "Late-Titled-Tuesday-Blitz-April-16-2024"]
[Site "Chess.com"]
[Date "2024.04.16"]
[Round "5"]
[White "Doublekk14"]
[Black "2L8IWUN"]
[Result "1/2-1/2"]
[WhiteElo "2386"]
[BlackElo "2085"]
[TimeControl "180+1"]
[EndTime "14:54:25 PDT"]
[Termination "Game drawn - insufficient material"]

1. e4 e5 2. Nf3 Nc6 3. Bc4 Bc5 4. d3 Nf6 5. c3 a6 6. Bb3 O-O 7. O-O Ba7 8. h3 h6 9. Be3 d5 10. Bxa7 Rxa7 11. exd5 Nxd5 12. Nbd2 Nf4 13. Ne4 Qxd3 14. Qxd3 Nxd3 15. Bd5 Rd8 16. Bb3 Bf5 17. Ng3 Bh7 18. Rad1 Raa8 19. Rd2 Nc5 20. Rfd1 Nxb3 21. axb3 f6 22.
Nf1 Rxd2 23. Rxd2 Rd8 24. Rxd8+ Nxd8 25. Ne3 a5 26. Nd2 Ne6 27. Nd5 b6 28. Ne3 Kf7 29.
Kf1 Bd3+ 30. Ke1 f5 31. g3 f4 32. Nec4 Bxc4 33. Nxc4 fxg3 34. fxg3 Kf6 35. Kf2 Nc5 36. Nd2 Nd3+ 37. Ke3 Nxb2 38. Ne4+ Ke7 39. Kd2 b5 40.
Kc2 a4 41. Kxb2 axb3 42. Kxb3 c6 43. Nc5 Kd6 44. Ne4+ Kd5 45. Nd2 e4 46. Kc2 e3 47.
Nf1 Ke4 48. Kd1 Kf3 49. Ke1 Kg2 50. Nxe3+ Kxg3 51. Nf5+ Kxh3 52. Nxg7 c5 53. Kd2 b4 54. c4 Kg4 55. Ne6 h5 56. Nxc5 h4 57. Nd3 Kf5 58.
Nf2 Ke5 59. Kc2 Kd4 60. Kb3 Ke3 61. Nh3 Kf3 62. Kxb4 Kg3 63. Ng5 Kg4 64. c5 Kxg5 65. c6 h3 66. c7 h2 67. c8=Q h1=Q 68. Qg8+ Kf4 69. Qf7+ Ke3 70. Qe6+ Kf2 71. Qc4 Qb7+ 72. Qb5 Qxb5+ 73. Kxb5 1/2-1/2

[Event "Late-Titled-Tuesday-Blitz-April-16-2024"]
[Site "Chess.com"]
[Date "2024.04.16"]
[Round "5"]
[White "Savagelittlemole"]
[Black "GAO"]
[Result "1/2-1/2"]
[WhiteElo "2487"]
[BlackElo "2304"]
[TimeControl "180+1"]
[EndTime "14:54:26 PDT"]
[Termination "Game drawn - insufficient material"]

1. d4 Nf6 2. Bg5 d5 3. Bxf6 exf6 4. Nf3 g6 5. c4 c6 6. e3 f5 7. Nc3 Bg7 8. cxd5 cxd5 9. Bb5+ Nc6 10. Qa4 Qd6 11.
Ne5 O-O 12. Nxc6 bxc6 13. Bxc6 Rb8 14. O-O Rb4 15. Qa3 a5 16. Bxd5 Ba6 17. Rfc1 f4 18.
Bf3 fxe3 19. fxe3 Rfb8 20. b3 Rxd4 21. Qxa5 Rd3 22. Ne4 Qb6 23. Qxb6 Rxb6 24. Rab1 Rxe3 25. h3 Bd3 26. Rc8+ Bf8 27. Rd1 Bxe4 28. Bxe4 Rxe4 29.
Rdd8 Kg7 30. Rxf8 Re1+ 31. Kf2 Rbe6 32. Rg8+ Kf6 33. Rc2 h5 34. Rgc8 Kg7 35. R8c6 R6e5 36. a4 Rb1 37. Rb6 Rf5+ 38. Kg3 Rg5+ 39. Kh4 Re5 40.
Rf2 Re4+ 41. Kg3 h4+ 42. Kf3 Rxa4 43. bxa4 Rxb6 44. Ra2 Ra6 45. a5 f5 46. Ke3 Kf6 47.
Kd4 g5 48. Kc5 g4 49. Kb5 Ra8 50. a6 Kg5 51. Kb6 gxh3 52. gxh3 Kf4 53. Rf2+ Ke4 54.
Kb7 Rh8 55. Rc2 f4 56. a7 Rh7+ 57. Rc7 Rh8 58. Rc8 Rh7+ 59. Kb6 Rxa7 60. Kxa7 f3 61. Re8+ Kf4 62. Rh8 f2 63. Rxh4+ Kg3 64. Rg4+ Kxh3 65.
Rf4 Kg2 66. Kb6 f1=Q 67. Rxf1 Kxf1 1/2-1/2

[Event "Late-Titled-Tuesday-Blitz-April-16-2024"]
[Site "Chess.com"]
[Date "2024.04.16"]
[Round "5"]
[White "ozates"]
[Black "zacachess"]
[Result "1-0"]
[WhiteElo "2533"]
[BlackElo "2353"]
[TimeControl "180+1"]
[EndTime "14:54:33 PDT"]
[Termination "ozates won on time"]

1. e4 c5 2. Nf3 d6 3. Bb5+ Nd7 4. O-O a6 5. Bd3 Ngf6 6. Re1 e6 7. c4 Be7 8. Nc3 O-O 9. Bf1 Ne5 10. d4 Nxf3+ 11. gxf3 cxd4 12. Qxd4 Bd7 13. Bh3 Bc6 14. Be3 Nd7 15.
Kh1 Ne5 16. Rg1 Bf6 17. Qd1 Nxc4 18. Bh6 Kh8 19. Bf4 Nxb2 20. Qc2 Nc4 21. Rad1 Qa5 22. Ne2 Ne5 23. Bxe5 Qxe5 24. Rg4 d5 25. Ng3 Qc3 26. Qe2 Rad8 27. e5 Qxe5 28. Qd3 Bb5 29. Qd2 g6 30. Bf1 Qc3 31. Qh6 Qxf3+ 32. Kg1 Bg7 33. Qh3 Qxd1 34.
Rh4 Kg8 35. Rxh7 Bxf1 36. Nxf1 Qd4 37. Rh4 Qf6 38. Ne3 Rc8 39. Ng4 Rc1+ 40. Kg2 Qf4 41. Nh6+ Bxh6 42. Rxf4 Bxf4 43. Qf3 Be5 44. h4 Bg7 45.
Qb3 b5 46. Qa3 Rfc8 47. Qxa6 R8c2 48. Qxb5 Bd4 49. Qe8+ Kg7 50. h5 Rxf2+ 51. Kg3 Rg1+ 52. Kh3 Rf3+ 53. Kh2 Rg5 54. h6+ Kxh6 55. Qf8+ Bg7 56. Qd6 Rff5 57. Kh3 Rf3+ 58. Kh4 Rh5+ 59. Kg4 Rhf5 60.
Qh2+ Rh5 61. Qd2+ 1-0

[Event "Late-Titled-Tuesday-Blitz-April-16-2024"]
[Site "Chess.com"]
[Date "2024.04.16"]
[Round "5"]
[White "giovannibrandao7"]
[Black "pfalcon1949"]
[Result "1-0"]
[WhiteElo "2233"]
[BlackElo "1964"]
[TimeControl "180+1"]
[EndTime "14:54:36 PDT"]
[Termination "giovannibrandao7 won on time"]

1. e4 e6 2. d4 d5 3. Nd2 Nc6 4. Ngf3 Nf6 5. e5 Nd7 6. c3 f6 7. exf6 Qxf6 8. Bd3 Bd6 9. O-O O-O 10. Bc2 e5 11.
dxe5 Ndxe5 12. Nxe5 Nxe5 13. Nb3 c6 14. f4 Ng4 15. h3 Nh6 16. Nd4 Bc5 17. Kh2 Bxd4 18. cxd4 Bf5 19. Be3 Rae8 20. Bg1 Bxc2 21. Qxc2 Nf5 22.
Qc3 Re2 23. Rae1 Rfe8 24. Rxe2 Rxe2 25. Re1 Qe7 26. Rxe2 Qxe2 27. Qa5 h6 28. Qxa7 Nh4 29. Qb8+ Kh7 30. Kg3 Qxg2+ 31. Kxh4 Qxg1 32. Qxb7 Qf2+ 33. Kg4 Qg2+ 34. Kh4 Qf3 35. Qf7 Qf2+ 36. Kg4 Qe2+ 37. Kg3 Qe3+ 38. Kg4 Qg1+ 39. Kf5 Qb1+ 40. Ke6 Qe4+ 41.
Kd7 c5 42. dxc5 d4 43. c6 d3 44. c7 Qa4+ 45. Ke7 Qe4+ 46. Kd7 Qa4+ 47. Kd6 Qa6+ 48. Kc5 Qa5+ 49. Kc4 Qxa2+ 50. Kc3 Qxf7 51. c8=Q Qf6+ 52. Kxd3 Qd6+ 53. Ke3 Qb6+ 54. Kf3 Qxb2 55. Qf5+ Kg8 56. Qe6+ Kh8 57. Kg4 Qg2+ 58. Kh4 Qf2+ 59. Kg4 Qg1+ 60.
Kf5 Qg3 61. Ke5 Qe3+ 62. Kf5 Qxh3+ 63. Ke5 Qe3+ 64. Kf5 Qxe6+ 65. Kxe6 Kg8 66. Ke7 g6 67. Kf6 Kh7 68. f5 g5 69. Ke5 Kg7 70. Ke6 g4 71. Ke7 1-0

[Event "Late-Titled-Tuesday-Blitz-April-16-2024"]
[Site "Chess.com"]
[Date "2024.04.16"]
[Round "5"]
[White "bascheyaro"]
[Black "xasid81"]
[Result "0-1"]
[WhiteElo "2818"]
[BlackElo "2660"]
[TimeControl "180+1"]
[EndTime "14:54:37 PDT"]
[Termination "xasid81 won by checkmate"]

1. d4 d5 2. Bf4 Nf6 3. e3 e6 4. c4 Bb4+ 5. Nc3 O-O 6. Nf3 c5 7.
dxc5 Ne4 8. Qb3 Qa5 9. a3 Bxc3+ 10. bxc3 Na6 11. cxd5 Nexc5 12. Qc2 exd5 13. Be5 Re8 14. Bd4 Bd7 15. Ng5 g6 16. Bxa6 bxa6 17. O-O Bf5 18. Qd1 Rab8 19. Qf3 Nb3 20. g4 Nxd4 21.
cxd4 Be6 22. Rfc1 Qd8 23. Qf4 Rc8 24. h3 Qe7 25. a4 h6 26. Nxe6 Qxe6 27. Rc5 Rxc5 28.
dxc5 Qe5 29. Qxe5 Rxe5 30. Rd1 Kf8 31. c6 Ke8 32. Rb1 Kd8 33. Rb7 Re4 34. Rxa7 Rxa4 35.
Rxf7 Rc4 36. Rd7+ Kc8 37. Rxd5 Rxc6 38. f4 Kb7 39. Kf2 Kb6 40. h4 a5 41. Rd4 Kb5 42. Rd5+ Kb4 43. Rd8 a4 44. Rb8+ Kc3 45. Ra8 Kb3 46.
e4 a3 47. f5 gxf5 48. exf5 a2 49. Ke3 Rc3+ 50. Kf4 Rc4+ 51. Ke5 Ra4 52. Rb8+ Kc2 53. Rc8+ Kd2 54. Rd8+ Ke2 55. Kf6 a1=Q+ 56. Kg6 Ra6+ 57.
Kh5 Qf6 58. Rg8 Qf7+ 59. Rg6 Rxg6 60. fxg6 Qg7 61. g5 hxg5 62. Kxg5 Qe5+ 63. Kh6 Qh8+ 64.
Kg5 Kf3 65. h5 Qg7 66. h6 Qe5+ 67. Kh4 Kf4 68. g7 Qg5+ 69. Kh3 Qg3# 0-1

[Event "Late-Titled-Tuesday-Blitz-April-16-2024"]
[Site "Chess.com"]
[Date "2024.04.16"]
[Round "5"]
[White "pirulillo"]
[Black "Attacker_2006"]
[Result "0-1"]
[WhiteElo "2334"]
[BlackElo "2505"]
[TimeControl "180+1"]
[EndTime "14:54:39 PDT"]
[Termination "Attacker_2006 won on time"]

1. e4 c5 2. Nf3 d6 3. d4 cxd4 4. Nxd4 Nf6 5. Nc3 a6 6. Be2 e5 7. Nb3 Be7 8. Be3 Be6 9. Nd5 Nxd5 10. exd5 Bf5 11. Qd2 O-O 12. O-O Nd7 13. Na5 Qc7 14. c4 Bg6 15. b4 f5 16. f4 Bf6 17.
Rac1 exf4 18. Bxf4 Ne5 19. Nb3 b6 20. Kh1 h6 21. c5 Bh7 22. Nd4 Rf7 23. Ne6 Qd7 24.
cxd6 g5 25. Rc7 Qxd6 26. Rc6 Qd7 27. Bxe5 Bxe5 28. Bc4 b5 29. Bb3 Kh8 30. Nc5 Qe8 31. Rxh6 Bg7 32. Re6 Qf8 33. d6 Rd8 34. d7 f4 35. Re8 Rxe8 36. dxe8=Q Qxe8 37. Bxf7 Qxf7 38. Qd7 Qxd7 39. Nxd7 Bc3 40. a3 Bb2 41. Nc5 Bxa3 42. Nxa6 Be4 43. Rd1 Kg7 44. Kg1 Kf7 45. g3 f3 46. Kf2 Bb2 47. Ke3 Bc6 48. Nc5 Bc3 49.
Nd3 Bf6 50. g4 Ke6 51. Rf1 Be7 52. Nc5+ Kd5 53. Rxf3 Kc4 54. Rf5 Kxb4 55. Ne4 Ka3 56. Re5 Bd8 57. Re6 Bd5 58. Rd6 Bxe4 59. Kxe4 Bc7 60.
Rc6 Bxh2 61. Kf5 Bf4 62. Re6 b4 63. Re4 b3 64. Rxf4 gxf4 65. Kxf4 b2 66. g5 b1=Q 0-1